 Dungeon Crawl Stone Soup version 0.28-a0-1510-gd0f6b136d3 (webtiles) character file.

Game seed: 11969583357492374091

1045 Gargoyl the Skirmisher (level 8, -1/67 HPs)
             Began as a Gnoll Abyssal Knight on Jan 15, 2022.
             Was a Priest of Lugonu.
             Killed from afar by an orc wizard (5 damage)
             ... with a magic dart
             ... on level 3 of the Dungeon.
             The game lasted 00:06:00 (4627 turns).

Gargoyl the Skirmisher (Gnoll Abyssal Knight)       Turns: 4627, Time: 00:06:01

Health: -1/67      AC: 18    Str: 15    XL:     8   Next: 25%
Magic:  17/21      EV:  5    Int: 10    God:    Lugonu [***...]
Gold:   304        SH:  0    Dex: 12    Spells: 13/13 levels left

rFire   . . .      SeeInvis .   a - +3 hand axe
rCold   . . .      Faith    .   (no shield)
rNeg    . . .      Spirit   .   l - +0 crystal plate armour
rPois   .          Reflect  .   (no helmet)
rElec   .          Harm     .   (no cloak)
rCorr   .          Rampage  .   i - +0 pair of gloves
Will    .....                   (no boots)
Stlth   ..........              h - amulet of the acrobat
HPRegen 0.21/turn               m - +4 ring of evasion
MPRegen 0.17/turn               b - ring of Gumeuwuh {MP+9 Slay+3}

@: brilliant
A: fangs 1, strong nose, distributed training
a: Renounce Religion, Depart the Abyss, Bend Space, Banish


You were on level 3 of the Dungeon.
You worshipped Lugonu.
Lugonu was most pleased with you.
You visited 1 branch of the dungeon, and saw 7 of its levels.
You visited the Abyss 1 time.

You collected 304 gold pieces.

Inventory:

Hand Weapons
 a - a +3 hand axe (weapon)
 d - a +2 short sword of speed
 n - a +0 war axe
Missiles
 k - 4 poisoned darts (quivered)
Armour
 i - a +0 pair of gloves (worn)
 l - a +0 crystal plate armour (worn)
Jewellery
 b - the ring of Gumeuwuh (right hand) {MP+9 Slay+3}
   (You acquired it on level 3 of the Dungeon)

   [ring of magical power]

   Slay:      It affects your accuracy & damage with ranged weapons and melee
   (+3).
   MP:        It affects your magic capacity (+9).
 h - an amulet of the acrobat (around neck)
 m - a +4 ring of evasion (left hand)
Wands
 j - a wand of iceblast (5)
Scrolls
 e - a scroll of holy word
 p - a scroll of identify
Potions
 c - a potion of ambrosia
 f - a potion of might
 g - a potion of flight


   Skills:
 + Level 7.3 Fighting
 + Level 3.1 Short Blades
 + Level 3.1 Long Blades
 + Level 5.6 Axes
 + Level 3.1 Maces & Flails
 + Level 3.1 Polearms
 + Level 3.1 Staves
 + Level 3.1 Slings
 + Level 3.1 Bows
 + Level 3.1 Crossbows
 + Level 3.1 Throwing
 + Level 5.6 Armour
 + Level 4.1 Dodging
 + Level 3.1 Stealth
 + Level 3.1 Shields
 + Level 3.1 Unarmed Combat
 + Level 3.1 Spellcasting
 + Level 2.5 Conjurations
 + Level 2.5 Hexes
 + Level 2.5 Summonings
 + Level 2.5 Necromancy
 + Level 2.5 Translocations
 + Level 2.5 Transmutations
 + Level 2.5 Fire Magic
 + Level 2.5 Ice Magic
 + Level 2.5 Air Magic
 + Level 2.5 Earth Magic
 + Level 2.5 Poison Magic
 + Level 5.8 Invocations
 + Level 3.1 Evocations


You had 13 spell levels left.
You didn't know any spells.
Your spell library contained the following spells:

 Spells                   Type           Power      Damage    Failure   Level
 Ensorcelled Hibernation  Hex/Ice        18%        N/A       100%        2
 Static Discharge         Conj/Air       9%         N/A       100%        2
 Spider Form              Tmut/Pois      9%         N/A       100%        3
 Tukima's Dance           Hex            9%         N/A       100%        3
 Anguish                  Hex/Necr       4%         N/A       100%        4
 Dispel Undead            Necr           9%         3d8       100%        4
 Sticky Flame             Conj/Fire      9%         2d3       100%        4
 Enfeeble                 Hex            4%         N/A       100%        7


Dungeon Overview and Level Annotations

Branches:
Dungeon (7/15)
 Temple: D:4-7

Altars:
Dithmenos
The Shining One

Shops:
D:1 [*   D:2 [   D:6 !


Innate Abilities, Weirdness & Mutations

You have very sharp teeth.
Your uncanny sense of smell can sniff out nearby items.
Your experience applies equally to all skills.


Message History

You completely miss the orc warrior.
The orc warrior is heavily wounded.
The orc warrior hits you but does no damage.
The orc warrior hits you with a +0 halberd!
Unknown command.
You barely miss the orc warrior.
The orc warrior is heavily wounded.
The orc warrior hits you with a +0 halberd.
Unknown command.
You barely miss the orc warrior.
The orc warrior is heavily wounded.
The orc warrior hits you but does no damage.
You slash the orc warrior!
The orc warrior is severely wounded.
The orc warrior hits you with a +0 halberd!
* * * LOW HITPOINT WARNING * * *
Unknown command.
You closely miss the orc warrior. Your punch misses the orc warrior.
The orc warrior is severely wounded.
The orc warrior hits you with a +0 halberd.
* * * LOW HITPOINT WARNING * * *
You hit the orc warrior but do no damage.
The orc warrior is severely wounded.
The orc warrior hits you with a +0 halberd!
* * * LOW HITPOINT WARNING * * *
Unknown command.
Okay, then.
Press: ? - help, Shift-Dir - straight line, f - orc warrior
Aim: an orc warrior, wielding a +0 halberd and wearing a +0 plate armour (severely wounded, chance to affect: 83%)
The orc warrior is devoured by a tear in reality.
Lugonu claims a new guest.
You hit the orc wizard. Your bite misses the orc wizard.
The orc wizard is lightly wounded.
The orc wizard hits you with a +0 dagger.
* * * LOW HITPOINT WARNING * * *
It was a potion of brilliance.
You feel clever all of a sudden. The orc wizard casts a spell at you.
The magic dart hits you.
You die...

### ########..###
#...o@......#
###########...#.#
#.............#
#.#########...#
#.#
#...#.##########
#.#
#...............
#######.######
#...#.#.#.......
.............#
#......(........
#######.####.#
#..##...........


You could see an orc wizard.

Vanquished Creatures
  Grinder (D:3)
  An orc warrior (D:6)
  A sky beast (D:6)
  An ogre (D:5)
  A bullfrog (D:6)
  2 jellies
  An orc priest (D:5)
  Jessica (D:3)
  Ijyb (D:3)
  2 iguanas
  2 orc wizards
  A killer bee zombie (D:6)
  5 adders
  A white imp (D:6)
  An ufetubus (D:6)
  3 dart slugs
  21 orcs
  3 endoplasms
  3 giant cockroaches
  4 goblins
  8 hobgoblins
  3 quokkas (D:2)
  6 ball pythons
  7 bats
  4 frilled lizards
  7 kobolds
  3 rats
94 creatures vanquished.

Notes
Turn   | Place    | Note
-------+----------+-------------------------------------------
     0 | Abyss:1  | Gargoyl the Gnoll Abyssal Knight began the quest for the
                  | Orb.
     0 | Abyss:1  | Reached XP level 1. HP: 23/23 MP: 3/3
    15 | D:1      | Escaped the Abyss
    15 | D:1      | Found Yfiobbao's Antique Armour Emporium.
   272 | D:1      | Reached * piety under Lugonu
   416 | D:1      | Reached XP level 2. HP: 29/29 MP: 5/5
   438 | D:1      | Found Lavvuib's Assorted Antiques.
   831 | D:1      | Found a faded altar of an unknown god.
   834 | D:1      | Reached XP level 3. HP: 35/35 MP: 6/6
  1185 | D:2      | Found Damon's Armour Emporium.
  1391 | D:2      | Reached ** piety under Lugonu
  1456 | D:2      | Reached skill level 1 in Short Blades
  1456 | D:2      | Reached skill level 1 in Long Blades
  1456 | D:2      | Reached skill level 1 in Maces & Flails
  1456 | D:2      | Reached skill level 1 in Polearms
  1456 | D:2      | Reached skill level 1 in Staves
  1456 | D:2      | Reached skill level 1 in Slings
  1456 | D:2      | Reached skill level 1 in Bows
  1456 | D:2      | Reached skill level 1 in Crossbows
  1456 | D:2      | Reached skill level 1 in Throwing
  1456 | D:2      | Reached skill level 1 in Stealth
  1456 | D:2      | Reached skill level 1 in Shields
  1456 | D:2      | Reached skill level 1 in Unarmed Combat
  1456 | D:2      | Reached skill level 1 in Spellcasting
  1456 | D:2      | Reached skill level 1 in Evocations
  1677 | D:2      | Reached XP level 4. HP: 41/41 MP: 7/7
  2143 | D:3      | Identified a scroll of acquirement
  2143 | D:3      | Acquired the ring of Gumeuwuh {MP+9 Slay+3}
  2210 | D:3      | Noticed Grinder
  2236 | D:3      | Reached skill level 1 in Conjurations
  2236 | D:3      | Reached skill level 1 in Hexes
  2236 | D:3      | Reached skill level 1 in Summonings
  2236 | D:3      | Reached skill level 1 in Necromancy
  2236 | D:3      | Reached skill level 1 in Translocations
  2236 | D:3      | Reached skill level 1 in Transmutations
  2236 | D:3      | Reached skill level 1 in Fire Magic
  2236 | D:3      | Reached skill level 1 in Ice Magic
  2236 | D:3      | Reached skill level 1 in Air Magic
  2236 | D:3      | Reached skill level 1 in Earth Magic
  2236 | D:3      | Reached skill level 1 in Poison Magic
  2252 | D:3      | Paralysed by Grinder for 3 turns
  2261 | D:3      | Paralysed by Grinder for 3 turns
  2268 | D:3      | Killed Grinder
  2269 | D:3      | Reached skill level 5 in Axes
  2269 | D:3      | Reached skill level 5 in Armour
  2269 | D:3      | Reached skill level 5 in Invocations
  2269 | D:3      | Reached XP level 5. HP: 12/47 MP: 8/8
  2269 | D:3      | Reached XP level 6. HP: 14/53 MP: 9/9
  2862 | D:3      | Noticed Jessica
  2870 | D:3      | Killed Jessica
  3084 | D:3      | You fall into a shaft and drop 3 floors!
  3275 | D:6      | Noticed a sky beast
  3291 | D:6      | Reached XP level 7. HP: 39/59 MP: 10/10
  3299 | D:6      | Reached skill level 7 in Fighting
  3848 | D:6      | Found a glowing golden altar of the Shining One.
  3848 | D:6      | Found a shadowy altar of Dithmenos.
  3876 | D:6      | Found Jaecykul's Distillery.
  3880 | D:5      | Entered Level 5 of the Dungeon
  4173 | D:5      | Reached XP level 8. HP: 57/67 MP: 12/12
  4173 | D:5      | Reached *** piety under Lugonu
  4406 | D:3      | Noticed Ijyb
  4415 | D:3      | Killed Ijyb
  4627 | D:3      | Killed from afar by an orc wizard

Illustrated notes

Levels and vault maps discovered:
D:1:      wander_arrival_lonely_grave, layout_loops_cross,
          basic_ecumenical_altar, serial_shops, shop, shop, minmay_pentomino_s4
D:2:      layout_basic, serial_shops, nicolae_shop_hallway_plus
D:3:      layout_basic, slow_altar_2, uniq_ijyb, uniq_jessica, uniq_grinder
D:4:      kennysheep_big_flooded_room, layout_rooms,
          minmay_temple_entry_nine_rooms, serial_forest,
          infiniplex_forest_lined_1, infiniplex_forest_clump_small,
          infiniplex_forest_zigzag_2, infiniplex_forest_corner_2,
          infiniplex_forest_lined_2, kennysheep_cluttered_room,
          nrook_mini_backslash, st_stairs_11, kennysheep_generic_room_10
D:5:      layout_basic, eino_tiny_chamber
D:6:      layout_basic, mainiacjoe_overflow_large_starburst,
          okawaru_altar_gauntlet_db, serial_shops, shop_coins,
          grunt_decor_junction
D:7:      layout_loops_ring, chequers_temple_overflow_statue_of_worship,
          fountainhead, uniq_joseph

Skill      XL: |  1  2  3  4  5  6  7  8 |
---------------+-------------------------+-----
Short Blades   | 1 2 3 |  3.1
Long Blades    | 1 2 3 |  3.1
Maces & Flails | 1 2 3 |  3.1
Polearms       | 1 2 3 |  3.1
Staves         | 1 2 3 |  3.1
Slings         | 1 2 3 |  3.1
Bows           | 1 2 3 |  3.1
Crossbows      | 1 2 3 |  3.1
Throwing       | 1 2 3 |  3.1
Stealth        | 1 2 3 |  3.1
Shields        | 1 2 3 |  3.1
Unarmed Combat | 1 2 3 |  3.1
Spellcasting   | 1 2 3 |  3.1
Evocations     | 1 2 3 |  3.1
Conjurations   | 1 2 |  2.5
Hexes          | 1 2 |  2.5
Summonings     | 1 2 |  2.5
Necromancy     | 1 2 |  2.5
Translocations | 1 2 |  2.5
Transmutations | 1 2 |  2.5
Fire Magic     | 1 2 |  2.5
Ice Magic      | 1 2 |  2.5
Air Magic      | 1 2 |  2.5
Earth Magic    | 1 2 |  2.5
Poison Magic   | 1 2 |  2.5
Axes           | 5 |  5.6
Armour         | 5 |  5.6
Dodging        | 3 4 |  4.1
Invocations    | 5 |  5.8
Fighting       | 7 |  7.3

Action                   |  1- 3 |  4- 6 |  7- 9 || total
-------------------------+-------+-------+-------++-------
Melee: Short sword       |   127 |    72 |       ||   199
       Hand axe          |     5 |    32 |   111 ||   148
       Bite              |     9 |    12 |    11 ||    32
       Punch             |     3 |     3 |     2 ||     8
Throw: Dart              |       |       |     5 ||     5
Invok: Depart the Abyss  |     1 |       |       ||     1
       Banish            |       |       |     1 ||     1
  Use: Scroll            |     4 |     8 |       ||    12
       Potion            |       |     2 |     3 ||     5
Armor: Leather armour    |     9 |       |       ||     9
       Ring mail         |     1 |       |       ||     1
       Crystal plate arm |    89 |    87 |    89 ||   265
Dodge: Dodged            |    40 |    23 |    26 ||    89

Table legend: (Time is in decaauts)
 A = Elapsed time spent in this place.
 B = Non-inter-level travel time spent in this place.
 C = Inter-level travel time spent in this place.
 D = Time resting spent in this place.
 E = Time spent auto-exploring this place.
 F = Levels seen in this place.
 G = Mean time per level.
                   A        B        C        D        E       F      G
               +--------+--------+--------+--------+--------+-----+--------+
         Total |   4585 |   4446 |    139 |    618 |   2907 |   8 |  573.1 |
       Dungeon |   4570 |   4431 |    139 |    618 |   2892 |   7 |  652.9 |
         Abyss |     15 |     15 |      0 |      0 |     15 |   1 |   15.0 |
               +--------+--------+--------+--------+--------+-----+--------+

Top non-repeatable levels by time:
     D:3: 1158 daAuts
     D:1: 1082 daAuts
     D:2: 998 daAuts
     D:6: 631 daAuts
     D:5: 355 daAuts
     D:7: 175 daAuts
     D:4: 168 daAuts
 Abyss:1: 15 daAuts
